 Dungeon Crawl Stone Soup version 0.29-a0-615-gdeedd76 (webtiles) character file.

Game seed: 7160126577472085631

2 Illumine the Vexing (level 1, -1/11 HPs)
             Began as a Deep Elf Arcane Marksman on June 17, 2022.
             Slain by a kobold
             ... wielding a +0 club
              (3 damage)
             ... on level 1 of the Dungeon.
             The game lasted 00:00:49 (82 turns).

Illumine the Vexing (Deep Elf Arcane Marksman)        Turns: 82, Time: 00:00:50

Health: -1/11      AC:  4    Str:  7    XL:     1   Next: 33%
Magic:  5/5        EV: 12    Int: 17    God:
Gold:   7          SH:  0    Dex: 15    Spells: 2/3 levels left

rFire   . . .      SeeInvis .   a - +0 shortbow
rCold   . . .      Faith    .   (shield currently unavailable)
rNeg    . . .      Spirit   .   b - +0 robe
rPois   .          Reflect  .   d - +1 helmet
rElec   .          Harm     .   (no cloak)
rCorr   .          Rampage  .   (no gloves)
Will    .....                   (no boots)
Stlth   +.........              (no amulet)
HPRegen 0.03/turn               (no ring)
MPRegen 0.09/turn               (no ring)

@: no status effects
A: no striking features
a: no special abilities


You were on level 1 of the Dungeon.
You visited 1 branch of the dungeon, and saw 1 of its levels.

You collected 7 gold pieces.

Inventory:

Hand Weapons
 a - a +0 shortbow (weapon)
Armour
 b - a +0 robe (worn)
 d - a +1 helmet (worn)
Scrolls
 c - a scroll of vulnerability


   Skills:
 + Level 0.8 Fighting
 * Level 2.9 Bows
 + Level 2.5 Dodging
 - Level 1.5 Spellcasting
 - Level 4.0 Hexes


You had 2 spell levels left.
You knew the following spells:

 Your Spells              Type           Power      Damage    Failure   Level
a - Slow                  Hex            56%        N/A       4%          1

Your spell library contained the following spells:

 Spells                   Type           Power      Damage    Failure   Level
 Inner Flame              Hex/Fire       8%         N/A       26%         3
 Portal Projectile        Hex/Tloc       16%        N/A       26%         3
 Cause Fear               Hex            7%         N/A       36%         4


Dungeon Overview and Level Annotations

Branches:
Dungeon (1/15)

Altars:


Message History

Welcome back, Illumine the Deep Elf Arcane Marksman.
Press ? for a list of commands and other information.
You shoot an arrow. The arrow barely misses the kobold.
Casting: Slow (safe; 4% risk of failure)
Confirm with . or Enter, or press ? or * to list all spells.
Aiming: Slow (safe; 4% risk of failure)
Press: ? - help, Shift-Dir - straight line, f/p - kobold
Aim: a kobold, wielding a +2 short sword of freezing and quivering stones (chance to affect: 71%)
The kobold seems to slow down.
The kobold hits you with a +2 short sword of freezing.
The kobold freezes you.
A kobold comes into view. It is wielding a +0 club.
The kobold shouts!
You shoot an arrow. The arrow closely misses the kobold.
The kobold throws a stone.
The stone misses you.
You shoot an arrow. The arrow barely misses the kobold.
You shoot an arrow. The arrow hits the kobold.
The kobold is severely wounded.
The kobold misses you.
The kobold throws a stone.
The stone hits you but does no damage.
You shoot an arrow. The arrow barely misses the kobold.
The kobold hits you with a +0 club.
You shoot an arrow. The arrow barely misses the kobold.
The kobold misses you. x2
The kobold hits you with a +0 club.
* * * LOW HITPOINT WARNING * * *
The kobold attacks as you move away! The kobold hits you but does no damage.
You are too injured to fight recklessly!
Shoot: a) +0 shortbow
Press: ? - help, Shift-Dir - straight line, f/p - kobold
Aim: a kobold, wielding a +2 short sword of freezing and quivering stones (severely wounded, slow, 51% to hit)
You shoot an arrow. The arrow closely misses the kobold.
The arrow hits the kobold!
You kill the kobold!
The kobold barely misses you.
Shoot: a) +0 shortbow
Press: ? - help, Shift-Dir - straight line, f - kobold
Aim: a kobold, wielding a +0 club (51% to hit)
You shoot an arrow. The arrow barely misses the kobold.
The kobold closely misses you. The kobold hits you with a +0 club.
You die...

................
................
.............# ###...#
#.....+....# .#
#.#.)##....#......
...#.#...+....#.....#.#.
.....##K##....#.....#.#.
......#@##....#........
........##.........##.##
.........#....#..^.#....
...................#....
...#...................#
.. #.#...........#......
. #.#...........####...
#.#..........## #...
######...### #...


You could see a kobold.

Vanquished Creatures
  An endoplasm (D:1)
  A ball python (D:1)
  A kobold (D:1)
3 creatures vanquished.

Notes
Turn   | Place    | Note
-------+----------+-------------------------------------------
     0 | D:1      | Illumine the Deep Elf Arcane Marksman began the quest for
                  | the Orb.
     0 | D:1      | Reached XP level 1. HP: 11/11 MP: 5/5
    82 | D:1      | Slain by a kobold

Illustrated notes

Levels and vault maps discovered:
D:1:      doesnt_arrival_eight_statues, layout_basic, serial_shops, shop

Action                   || total
-------------------------++-------
 Fire: Shortbow          ||    11
 Cast: Slow              ||     1
Armor: Robe              ||     3
Dodge: Dodged            ||     6

Table legend: (Time is in decaauts)
 A = Elapsed time spent in this place.
 B = Non-inter-level travel time spent in this place.
 C = Inter-level travel time spent in this place.
 D = Time resting spent in this place.
 E = Time spent auto-exploring this place.
 F = Levels seen in this place.
 G = Mean time per level.
                   A        B        C        D        E       F      G
               +--------+--------+--------+--------+--------+-----+--------+
         Total |     85 |     85 |      0 |      0 |     36 |   1 |   85.0 |
       Dungeon |     85 |     85 |      0 |      0 |     36 |   1 |   85.0 |
               +--------+--------+--------+--------+--------+-----+--------+

Top non-repeatable levels by time:
     D:1: 85 daAuts
